 Dungeon Crawl Stone Soup version 0.30-a0-23-ge60ba3568b (webtiles) character file.

Game seed: 16738977223680929738

115 purpskrrrp the Covered (level 4, -2/38 HPs)
             Began as a Demigod Fighter on Aug 26, 2022.
             Slain by a gnoll
             ... wielding a +0 spear
              (3 damage)
             ... on level 3 of the Dungeon.
             The game lasted 00:03:51 (2341 turns).

purpskrrrp the Covered (Demigod Fighter)            Turns: 2341, Time: 00:03:51

Health: -2/38      AC:  6    Str: 21    XL:     4   Next: 41%
Magic:  6/6        EV:  5    Int: 10    God:
Gold:   162        SH:  0    Dex: 13    Spells: 3/3 levels left

rFire   . . .      SeeInvis .    a - +0 flail
rCold   . . .      Faith    .    c - +0 buckler
rNeg    . . .      Spirit   .    b - +0 scale mail
rPois   .          Reflect  .    (no helmet)
rElec   .          Harm     .    (no cloak)
rCorr   .          Rampage  .    (no gloves)
Will    .....                    (no boots)
Stlth   ..........               (no amulet)
HPRegen 0.12/turn                (no ring)
MPRegen 0.10/turn                (no ring)

@: held
A: high MP 1, forlorn, divine attributes
a: no special abilities


You were on level 3 of the Dungeon.
You visited 1 branch of the dungeon, and saw 3 of its levels.

You collected 162 gold pieces.

Inventory:

Hand Weapons
 a - a +0 flail (weapon)
Missiles
 h - 2 throwing nets (quivered)
Armour
 b - a +0 scale mail (worn)
 c - a +0 buckler (worn)
Wands
 f - a wand of flame (21)
 j - a wand of digging (3)
Scrolls
 g - a scroll of teleportation {unknown}
Potions
 d - a potion of heal wounds
 e - a potion of invisibility


   Skills:
 + Level 3.1 Fighting
 * Level 3.0 Maces & Flails
 + Level 3.1 Armour
 + Level 1.2 Dodging
 + Level 3.1 Shields


You had 3 spell levels left.
You didn't know any spells.
Your spell library contained the following spells:

 Spells                   Type           Power      Damage    Failure   Level
 Corpse Rot               Necr/Pois/Air  0%         N/A       100%        4
 Dispel Undead            Necr           0%         3d6       100%        4
 Death Channel            Necr           0%         N/A       100%        6


Dungeon Overview and Level Annotations

Branches:
Dungeon (3/15)


Innate Abilities, Weirdness & Mutations

You have an increased reservoir of magic. (+10% MP)
You shall have no god before yourself.
Your divine heritage dramatically boosts your attributes as you level up.


Message History

You hit the gnoll.
The gnoll is heavily wounded.
The gnoll closely misses you. x2; The gnoll barely misses you.
The gnoll hits you but does no damage. The gnoll hits you with a +0 war axe!
The gnoll hits you but does no damage.
You are too injured to fight recklessly!
You are too injured to fight recklessly!
You are too injured to fight recklessly!
You are too injured to fight recklessly!
You are too injured to fight recklessly!
You are too injured to fight recklessly!
You are too injured to fight recklessly!
You are too injured to fight recklessly!
You are too injured to fight recklessly!
You are too injured to fight recklessly!
You are too injured to fight recklessly!
You are too injured to fight recklessly!
You are too injured to fight recklessly!
You are too injured to fight recklessly!
You are too injured to fight recklessly!
You are too injured to fight recklessly!
Okay, then.
You thump the gnoll!
You kill the gnoll!
The gnoll barely misses you. x2
You sock the gnoll!
The gnoll is severely wounded.
The gnoll throws a throwing net.
The throwing net hits you.
You become entangled in the net!
The gnoll hits you from afar with a +0 spear.
You struggle against the net.
The gnoll hits you with a +0 war axe. The gnoll hits you but does no damage.
The gnoll hits you from afar with a +0 spear.
You struggle against the net.
The gnoll closely misses you.
The gnoll hits you from afar with a +0 spear. x2
* * * LOW HITPOINT WARNING * * *
You struggle against the net.
The gnoll hits you with a +0 war axe.
* * * LOW HITPOINT WARNING * * *
The gnoll hits you from afar with a +0 spear.
You die...

##...........#
..............# .#
...#......... ###
.#####.......... #
#....#...##......... #.
##.#. #._.##........#
..#..#... #...#.........#
.......g####'''#.#######.#
.......g.@.#...#.# ..
....##.##g.'.#.'.# #. .
.........'.#.'.# .
..###.##.'.#.'.# . ... ...
###...#.# .. #.## #+++#...
# #[ ###.. # ##


You could see 3 gnolls.

Vanquished Creatures
  2 gnolls
  3 adders (D:2)
  2 worms (D:2)
  A dart slug (D:1)
  3 endoplasms
  6 giant cockroaches
  3 goblins
  5 hobgoblins
  2 jackals (D:1)
  11 quokkas
  4 ball pythons
  3 bats
  2 frilled lizards
  6 kobolds
  2 rats
55 creatures vanquished.

Notes
Turn   | Place    | Note
-------+----------+-------------------------------------------
     0 | D:1      | purpskrrrp the Demigod Fighter began the quest for the Orb.
     0 | D:1      | Reached XP level 1. HP: 18/18 MP: 3/3
   135 | D:1      | Reached XP level 2. HP: 18/25 MP: 4/4
   685 | D:1      | Reached XP level 3. HP: 24/30 MP: 5/5
  1260 | D:2      | Reached skill level 1 in Dodging
  1524 | D:2      | Reached XP level 4. HP: 16/38 MP: 6/6
  2341 | D:3      | HP: 1/38 [gnoll/+0 war axe (6)]
  2341 | D:3      | Slain by a gnoll

Illustrated notes

Levels and vault maps discovered:
D:1:      minmay_arrival_glassed_features, layout_rooms,
          minmay_worlds_worst_comb
D:2:      layout_basic, grunt_ministairs_13
D:3:      layout_rooms, mainiacjoe_overflow_big_doors, basic_ecumenical_altar,
          uniq_terence

Skill      XL: |  1  2  3  4 |
---------------+-------------+-----
Maces & Flails | 2 3 |  3.0
Fighting       | 3 |  3.1
Armour         | 3 |  3.1
Shields        | 3 |  3.1
Dodging        | 1 |  1.2

Action                   |  1- 3 |  4- 6 || total
-------------------------+-------+-------++-------
Melee: Flail             |   164 |    45 ||   209
  Use: Potion            |     1 |       ||     1
       Scroll            |     2 |     2 ||     4
Armor: Scale mail        |    95 |    22 ||   117
Dodge: Dodged            |    89 |    30 ||   119
Block: Buckler           |    30 |     9 ||    39

Table legend: (Time is in decaauts)
 A = Elapsed time spent in this place.
 B = Non-inter-level travel time spent in this place.
 C = Inter-level travel time spent in this place.
 D = Time resting spent in this place.
 E = Time spent auto-exploring this place.
 F = Levels seen in this place.
 G = Mean time per level.
                   A        B        C        D        E       F      G
               +--------+--------+--------+--------+--------+-----+--------+
         Total |   2408 |   2370 |     38 |    276 |   1647 |   3 |  802.7 |
       Dungeon |   2408 |   2370 |     38 |    276 |   1647 |   3 |  802.7 |
               +--------+--------+--------+--------+--------+-----+--------+

Top non-repeatable levels by time:
     D:2: 1249 daAuts
     D:1: 1034 daAuts
     D:3: 123 daAuts
